 Dungeon Crawl Stone Soup version 0.22.1-2-g9c5b331383 (webtiles) character file.

263 Gargoyl the Skirmisher (level 5, -1/46 HPs)
             Began as a Centaur Abyssal Knight on Nov 19, 2018.
             Was a Believer of Lugonu.
             Killed by nerve-wracking pain
             ... invoked by an orc priest
              (12 damage)
             ... on level 3 of the Dungeon.
             The game lasted 00:05:12 (2818 turns).

Gargoyl the Skirmisher (Centaur Abyssal Knight)     Turns: 2818, Time: 00:05:13

Health: -1/46      AC: 10    Str: 21    XL:     5   Next: 97%
Magic:  7/7        EV:  3    Int: 11    God:    Lugonu [**....]
Gold:   269        SH:  2    Dex:  9    Spells: 4/4 levels left

rFire    . . .     SeeInvis .   a - +1 hand axe
rCold    x . .     Gourm    .   f - +0 buckler "Pati" {rC- Regen+ Str+6}
rNeg     . . .     Faith    .   s - +0 plate armour
rPois    .         Spirit   .   (no helmet)
rElec    .         Reflect  .   (no cloak)
rCorr    .         Harm     .   n - +1 pair of gloves
MR       .....                  (no barding)
Stlth    ..........             (no amulet)
HPRegen  0.55/turn              (no ring)
MPRegen  0.10/turn              r - ring of stealth

@: drained, very quick
A: large, hooves 3, deformed body, speed 2, tough skin 3
a: Depart the Abyss, Bend Space, Renounce Religion


You were on level 3 of the Dungeon.
You worshipped Lugonu.
Lugonu was pleased with you.
You were not hungry.

You visited 1 branch of the dungeon, and saw 4 of its levels.
You visited the Abyss 1 time.

You collected 269 gold pieces.

Inventory:

Hand Weapons
 a - a +1 hand axe (weapon)
Armour
 f - the +0 buckler "Pati" (worn) {rC- Regen+ Str+6}
   (You found it on level 3 of the Abyss)

   It affects your strength (+6).
   It makes you vulnerable to cold.
   It increases your rate of regeneration.
 n - a +1 pair of gloves (worn)
 s - a +0 plate armour (worn)
Jewellery
 r - a ring of stealth (right hand)
Scrolls
 d - a scroll of remove curse
 h - a scroll of blinking
 i - a scroll of amnesia {unknown}
 m - 2 scrolls of teleportation
 o - a scroll of fog
Potions
 b - a potion of flight {unknown}
 e - 2 potions of curing {unknown}
 g - a potion of invisibility {unknown}
 j - 3 potions of heal wounds
 p - a potion of degeneration {unknown}
 q - a potion of mutation {unknown}
Comestibles
 c - 9 rations
 k - 4 chunks of flesh


   Skills:
 + Level 3.7(2.6) Fighting
 + Level 3.1(2.0) Axes
 * Level 3.1(2.0) Armour
 + Level 1.2(0.2) Dodging
 + Level 0.1(0.0) Shields
 * Level 3.2(2.1) Invocations


You had 4 spell levels left.
You didn't know any spells.
Your spell library contained the following spells:

 Spells                   Type           Power        Failure   Level  Hunger
 Freeze                   Ice            #...         100%        1    ##.....
 Throw Frost              Conj/Ice       #.....       100%        2    ###....
 Ozocubu's Armour         Chrm/Ice       #.......     100%        3    ####...
 Summon Ice Beast         Ice/Summ       #.......     100%        4    #####..
 Throw Icicle             Conj/Ice       #.......     100%        4    #####..


Dungeon Overview and Level Annotations

Branches:
Dungeon (4/15)
 Temple: D:4-7

Altars:
Ashenzari
Gozag
Hepliaklqana
Sif Muna


Innate Abilities, Weirdness & Mutations

You have hooves in place of feet.
Armour fits poorly on your strangely shaped body.
You cover ground very quickly.
You have extremely tough skin. (AC +3)


Message History

The orc priest hits you but does no damage.
You hit the orc priest.
The orc priest is almost dead.
You barely miss the orc. You hit the orc priest.
You block the orc priest's attack.
The orc priest mumbles some strange prayers to Beogh against you.
Pain shoots through your body!
* * * LOW HITPOINT WARNING * * *
The orc hits you but does no damage.
The orc priest hits you but does no damage.
You closely miss the orc priest. Your kick misses the orc priest.
The orc priest is almost dead.
You hit the orc. You hit the orc priest.
You kill the orc priest!
Lugonu accepts your kill.
Your base Armour skill increases to level 3!
You closely miss the orc priest.
The orc priest invokes the aid of Beogh against you.
Pain shoots through your body!
You die...

####.######.# #.# ####.....#
#.# #.# ...#.#.### #.# #.#
####.._..# #.# #.#
##.###.#.# #.# #.#
...#....(####.###### #.#
##.###.###........... #.#
##.##=#.......o)#### #.#
###.##.....##..o@o.# #.#
......o........###.#######.#
.##............# #......##.#
.#######.####..###.##......#
## #.# #......##.#.#### #.#
#.##.####.#.# #.# #.##.#
#.#.# #.####.##.# #.#.#
#.........# #.#.#


You could see 2 orc priests and an orc.

Vanquished Creatures
  A wight (D:4)
  A howler monkey (D:4)
  An orc priest (D:3)
  An iguana (D:4)
  A hound skeleton (D:4)
  6 adders
  2 worms (D:2)
  A dart slug (D:2)
  A leopard gecko (D:4)
  4 orcs
  A ball python (D:4)
  5 giant cockroaches
  6 goblins
  4 hobgoblins
  8 kobolds
  3 bats
  4 frilled lizards
  7 rats
57 creatures vanquished.

Notes
Turn   | Place    | Note
-------+----------+-------------------------------------------
     0 | Abyss:1  | Gargoyl the Centaur Abyssal Knight began the quest for the
                  | Orb.
     0 | Abyss:1  | Reached XP level 1. HP: 19/19 MP: 2/2
    41 | Abyss:1  | Found a basalt altar of Yredelemnul.
    48 | Abyss:2  | Found a corrupted altar of Lugonu.
    93 | Abyss:3  | Got a distressingly furry buckler
    99 | Abyss:3  | Identified the +0 buckler "Pati" {rC- Regen+ Str+6} (You
                  | found it on level 3 of the Abyss)
   100 | Abyss:3  | Noticed a raiju
   100 | Abyss:3  | Noticed a raiju
   101 | D:1      | Escaped the Abyss
   300 | D:1      | Reached * piety under Lugonu
   306 | D:1      | Reached XP level 2. HP: 26/26 MP: 3/3
   942 | D:2      | Found a shattered altar of Ashenzari.
   951 | D:2      | Found a deep blue altar of Sif Muna.
   970 | D:2      | Reached XP level 3. HP: 27/31 MP: 4/4
  1424 | D:2      | Reached XP level 4. HP: 33/38 MP: 6/6
  1502 | D:2      | Found a hazy altar of Hepliaklqana.
  1643 | D:2      | Reached ** piety under Lugonu
  1946 | D:3      | Found an opulent altar of Gozag.
  2038 | D:4      | Reached skill level 1 in Dodging
  2073 | D:4      | Reached XP level 5. HP: 42/46 MP: 7/7
  2818 | D:3      | Killed from afar by an orc priest

Skill      XL: |  1  2  3  4  5 |
---------------+----------------+-----
Axes           | 2 3 |  3.1
Armour         | 2 3 |  3.1
Dodging        | 1 |  1.2
Invocations    | 3 |  3.2
Fighting       | |  3.7
Shields        | |  0.1

Action                   |  1- 3 |  4- 6 || total
-------------------------+-------+-------++-------
Melee: Hand axe          |    79 |    94 ||   173
       Kick              |    16 |    21 ||    37
Invok: Depart the Abyss  |     1 |       ||     1
  Use: Scroll            |     7 |     1 ||     8
       Potion            |       |     1 ||     1
  Eat: Chunk             |       |     4 ||     4
Armor: Leather armour    |    28 |       ||    28
       Ring mail         |    14 |    14 ||    28
       Plate armour      |       |    45 ||    45
Dodge: Dodged            |    37 |    20 ||    57
Block: Buckler           |     1 |     8 ||     9
